ESL (28 & UNDER)
READING RAINBOWS @ BUFFALO LIGHTSABRES
06/04/2029
 
TOP OF THE 1ST
Reading Rainbows batting - Pitching for Buffalo LightSabres : RHP Joe Hopkins
Pitching: RHP Joe Hopkins
Batting: LHB Júlio Lorenzo 0-0: Swinging Strike
0-1: DOUBLE (Line Drive, 78D)
Batting: RHB José Moreno 0-0: Ball
1-0: Ball
2-0: Ball
3-0: Called Strike
3-1: Base on Balls
Batting: RHB Germán Romero 0-0: Called Strike
0-1: Fielders Choice at 2nd, 5-4 (Groundball, 56)
Júlio Lorenzo to third
Batting: RHB Ethan Moore 0-0: Ball
1-0: Foul Ball, location: 2F
1-1: Swinging Strike
1-2: Ball
2-2: Ball
3-2: Foul Ball, location: 2F
3-2: Foul Ball, location: 2F
3-2: Foul Ball, location: 2F
3-2: DOUBLE (Line Drive, 8RD)
Júlio Lorenzo scores
Germán Romero to third
Germán Romero scores
Batting: LHB Ryan Flynn 0-0: Called Strike
0-1: Called Strike
0-2: Ball
1-2: Ball
2-2: Strikes out swinging
Batting: RHB Juan Magdayao 0-0: Called Strike
0-1: Swinging Strike
0-2: Strikes out swinging
Top of the 1st over - 2 runs, 2 hits, 0 errors, 1 left on base; Reading 2 - Buffalo 0
BOTTOM OF THE 1ST
Buffalo LightSabres batting - Pitching for Reading Rainbows : RHP Jason MacKnight
Pitching: RHP Jason MacKnight
Batting: RHB Earl Godwin 0-0: Called Strike
0-1: Ball
1-1: Ground out 3-1 (Groundball, 34S)
Batting: RHB Lou Hammond 0-0: Ball
1-0: Ball
2-0: Swinging Strike
2-1: Foul Ball, location: 2F
2-2: SINGLE (Line Drive, 56D)
Batting: RHB Sean White 0-0: Ball
1-0: Ball
2-0: Ball
3-0: Foul Ball, location: 2F
3-1: Called Strike
3-2: Grounds into double play, 6-4-3 (Groundball, 6)
Bottom of the 1st over - 0 runs, 1 hit, 0 errors, 0 left on base; Reading 2 - Buffalo 0
TOP OF THE 2ND
Reading Rainbows batting - Pitching for Buffalo LightSabres : RHP Joe Hopkins
Batting: RHB Richard Case 0-0: Ball
1-0: Foul Ball, location: 2F
1-1: Foul Ball, location: 2F
1-2: Ball
2-2: Ball
3-2: Base on Balls
Batting: SHB Dan Chandler 0-0: Ball
1-0: Called Strike
Pickoff Throw by Catcher to First - Error! E2
Richard Case to second
1-1: DOUBLE (Line Drive, 9D)
Richard Case scores
Batting: RHB Spike Kennedy 0-0: Ball
1-0: Foul Ball, location: 2F
1-1: Ball
2-1: Ball
3-1: Foul Ball, location: 2F
3-2: Ground out 5-3 (Groundball, 5)
Batting: LHB Júlio Lorenzo 0-0: Called Strike
0-1: Called Strike
0-2: Strikes out swinging
Batting: RHB José Moreno 0-0: Foul Ball, location: 2F
0-1: Swinging Strike
0-2: Ball
1-2: Ball
2-2: Strikes out swinging
Top of the 2nd over - 1 run, 1 hit, 1 error, 1 left on base; Reading 3 - Buffalo 0
BOTTOM OF THE 2ND
Buffalo LightSabres batting - Pitching for Reading Rainbows : RHP Jason MacKnight
Batting: RHB Augusto Padilla 0-0: Ball
1-0: Swinging Strike
1-1: Ground out 5-3 (Groundball, 56S)
Batting: LHB Tim Griffith 0-0: Foul Ball, location: 2F
0-1: Fly out, F7 (Flyball, 78M)
Batting: LHB Rob Davidson 0-0: Called Strike
0-1: Ball
1-1: SINGLE (Line Drive, 6MD)
Batting: RHB Mike Wagner 0-0: Ball
1-0: Ball
2-0: Ball
3-0: Swinging Strike
3-1: Swinging Strike
3-2: Strikes out swinging
Bottom of the 2nd over - 0 runs, 1 hit, 0 errors, 1 left on base; Reading 3 - Buffalo 0
TOP OF THE 3RD
Reading Rainbows batting - Pitching for Buffalo LightSabres : RHP Joe Hopkins
Batting: RHB Germán Romero 0-0: Foul Ball, location: 2F
0-1: Foul Ball, location: 2F
0-2: Strikes out swinging
Batting: RHB Ethan Moore 0-0: Called Strike
0-1: Ball
1-1: Called Strike
1-2: Ground out 4-3 (Groundball, 4)
Batting: LHB Ryan Flynn 0-0: Called Strike
0-1: Foul Ball, location: 2F
0-2: Ball
1-2: Ball
2-2: Strikes out swinging
Top of the 3rd over - 0 runs, 0 hits, 0 errors, 0 left on base; Reading 3 - Buffalo 0
BOTTOM OF THE 3RD
Buffalo LightSabres batting - Pitching for Reading Rainbows : RHP Jason MacKnight
Batting: RHB Alfredo Villegas 0-0: Ball
1-0: Ball
2-0: Ball
3-0: Base on Balls
Batting: RHB Daniel Riddle 0-0: Ball
1-0: Fly out, F6 (Popup, 6MD)
Batting: RHB Earl Godwin 0-0: Ball
1-0: Called Strike
1-1: Ball
Alfredo Villegas is caught stealing 2nd base
2-1: Fly out, F4 (Line Drive, 4)
Bottom of the 3rd over - 0 runs, 0 hits, 0 errors, 0 left on base; Reading 3 - Buffalo 0
TOP OF THE 4TH
Reading Rainbows batting - Pitching for Buffalo LightSabres : RHP Joe Hopkins
Batting: RHB Juan Magdayao 0-0: Ground out 6-3 (Groundball, 6D)
Batting: RHB Richard Case 0-0: Foul Ball, location: 2F
0-1: Ball
1-1: Called Strike
1-2: Strikes out swinging
Batting: SHB Dan Chandler 0-0: Called Strike
0-1: Foul Ball, location: 2F
0-2: Ball
1-2: Ball
2-2: Foul Ball, location: 2F
2-2: Strikes out swinging
Top of the 4th over - 0 runs, 0 hits, 0 errors, 0 left on base; Reading 3 - Buffalo 0
BOTTOM OF THE 4TH
Buffalo LightSabres batting - Pitching for Reading Rainbows : RHP Jason MacKnight
Batting: RHB Lou Hammond 0-0: Fly out, F9 (Flyball, 9D)
Batting: RHB Sean White 0-0: Called Strike
0-1: Ball
1-1: Called Strike
1-2: Strikes out looking
Batting: RHB Augusto Padilla 0-0: DOUBLE (Flyball, 8RXD)
Batting: LHB Tim Griffith 0-0: Ball
1-0: Ball
2-0: Foul Ball, location: 2F
2-1: Fly out, F4 (Popup, 34)
Bottom of the 4th over - 0 runs, 1 hit, 0 errors, 1 left on base; Reading 3 - Buffalo 0
TOP OF THE 5TH
Reading Rainbows batting - Pitching for Buffalo LightSabres : RHP Joe Hopkins
Batting: RHB Spike Kennedy 0-0: Ball
1-0: SINGLE (Groundball, 56S) (infield hit)
Batting: LHB Júlio Lorenzo 0-0: Foul Ball, location: 2F
0-1: Called Strike
0-2: Ball
1-2: Ball
2-2: Foul Ball, location: 2F
2-2: Foul Ball, location: 2F
2-2: Ball
3-2: SINGLE (Line Drive, 4MD)
Spike Kennedy to second
Batting: RHB José Moreno 0-0: Foul Ball, location: 2F
0-1: SINGLE (Line Drive, 89S)
Spike Kennedy to third
Júlio Lorenzo to second
Batting: RHB Germán Romero 0-0: Swinging Strike
0-1: Called Strike
0-2: Ball
1-2: Ball
2-2: Strikes out swinging
Batting: RHB Ethan Moore 0-0: Called Strike
0-1: Ball
1-1: Ball
2-1: Called Strike
2-2: Ball
3-2: Strikes out swinging
Batting: LHB Ryan Flynn 0-0: Called Strike
0-1: Foul Ball, location: 2F
0-2: SINGLE (Line Drive, 8RS)
Spike Kennedy scores
Júlio Lorenzo to third
José Moreno to second
Runner from 3rd tries for Home, SAFE, no throw
Batting: RHB Juan Magdayao 0-0: Ball
1-0: Swinging Strike
1-1: Ball
2-1: Ball
3-1: Base on Balls
José Moreno to third
Ryan Flynn to second
Pitching: RHP Pat Jackson
Batting: RHB Richard Case 0-0: Foul Ball, location: 2F
0-1: Foul Ball, location: 2F
0-2: Foul Ball, location: 2F
0-2: Ball
1-2: SINGLE (Line Drive, 8RS)
José Moreno scores
Ryan Flynn to third
Juan Magdayao to second
Runner from 3rd tries for Home, SAFE, no throw
Batting: SHB Dan Chandler 0-0: Ball
1-0: Ball
2-0: Ball
3-0: Base on Balls
Juan Magdayao to third
Richard Case to second
Batting: RHB Spike Kennedy 0-0: Ball
1-0: SINGLE (Groundball, 4MD)
Juan Magdayao scores
Richard Case to third
Dan Chandler to second
Runner from 3rd tries for Home, SAFE, no throw
Batting: LHB Júlio Lorenzo 0-0: Fly out, F7 (Flyball, 78S)
Top of the 5th over - 6 runs, 6 hits, 0 errors, 2 left on base; Reading 9 - Buffalo 0
BOTTOM OF THE 5TH
Buffalo LightSabres batting - Pitching for Reading Rainbows : RHP Jason MacKnight
Batting: LHB Rob Davidson 0-0: Ground out 3-1 (Groundball, 34S)
Batting: RHB Mike Wagner 0-0: Swinging Strike
0-1: Ball
1-1: Ball
2-1: SINGLE (Line Drive, 8RM)
Batting: RHB Alfredo Villegas 0-0: Swinging Strike
0-1: Ball
1-1: Foul Ball, location: 2F
1-2: Strikes out looking
Mike Wagner steals 2nd base
Batter strikes out.
Batting: RHB Daniel Riddle 0-0: Ball
1-0: Ball
2-0: SINGLE (Groundball, 6MD)
Mike Wagner to third
Runner from 3rd tries for Home, SAFE, throw made home
Batting: RHB Earl Godwin 0-0: Called Strike
0-1: Swinging Strike
0-2: Ball
1-2: Foul Ball, location: 2F
1-2: Strikes out swinging
Bottom of the 5th over - 1 run, 2 hits, 0 errors, 1 left on base; Reading 9 - Buffalo 1
TOP OF THE 6TH
Reading Rainbows batting - Pitching for Buffalo LightSabres : RHP Pat Jackson
Batting: RHB José Moreno 0-0: Ball
1-0: Ball
2-0: Ball
3-0: Called Strike
3-1: Called Strike
3-2: Fly out, F5 (Line Drive, 5)
Batting: RHB Germán Romero 0-0: Ball
1-0: Foul Ball, location: 2F
1-1: Called Strike
1-2: Ball
2-2: Strikes out swinging
Batting: RHB Ethan Moore 0-0: Foul Ball, location: 2F
0-1: Foul Ball, location: 2F
0-2: Ball
1-2: Fly out, F8 (Line Drive, 8LD)
Top of the 6th over - 0 runs, 0 hits, 0 errors, 0 left on base; Reading 9 - Buffalo 1
BOTTOM OF THE 6TH
Buffalo LightSabres batting - Pitching for Reading Rainbows : RHP Jason MacKnight
Batting: RHB Lou Hammond 0-0: Ball
1-0: Called Strike
1-1: Ball
2-1: Ball
3-1: Base on Balls
Batting: RHB Sean White 0-0: DOUBLE (Line Drive, 8LD)
Lou Hammond to third
Runner from 3rd tries for Home, SAFE, no throw
Batting: RHB Augusto Padilla 0-0: Called Strike
0-1: DOUBLE (Line Drive, 7LM)
Sean White scores
Batting: LHB Tim Griffith Balk!
Augusto Padilla to third
0-0: Foul Ball, location: 2F
0-1: Swinging Strike
0-2: Ball
1-2: Foul Ball, location: 2F
1-2: Ground out 5-3 (Groundball, 56)
Augusto Padilla scores
Batting: LHB Rob Davidson 0-0: Called Strike
0-1: Ball
1-1: Fly out, F5 (Popup, 25F)
Batting: RHB Mike Wagner 0-0: Ball
1-0: Ground out U3 (Groundball, 34)
Bottom of the 6th over - 3 runs, 2 hits, 0 errors, 0 left on base; Reading 9 - Buffalo 4
TOP OF THE 7TH
Reading Rainbows batting - Pitching for Buffalo LightSabres : RHP Pat Jackson
Batting: LHB Ryan Flynn 0-0: Swinging Strike
0-1: Ball
1-1: Called Strike
1-2: Ball
2-2: Strikes out swinging
Batting: RHB Juan Magdayao 0-0: Called Strike
0-1: Ball
1-1: Foul Ball, location: 2F
1-2: Fly out, F9 (Line Drive, 9)
Batting: RHB Richard Case 0-0: Ball
1-0: Ball
2-0: Ball
3-0: Base on Balls
Batting: SHB Dan Chandler 0-0: Ball
1-0: Fielders Choice at 2nd, 5-4 (Groundball, 5)
Top of the 7th over - 0 runs, 0 hits, 0 errors, 1 left on base; Reading 9 - Buffalo 4
BOTTOM OF THE 7TH
Buffalo LightSabres batting - Pitching for Reading Rainbows : RHP Jason MacKnight
Batting: RHB Alfredo Villegas 0-0: Foul Ball, location: 2F
0-1: SINGLE (Line Drive, 7S)
Batting: RHB Daniel Riddle 0-0: Called Strike
0-1: Ground out 4-3 (Groundball, 4S)
Alfredo Villegas to second
Batting: RHB Earl Godwin 0-0: Called Strike
0-1: Foul Ball, location: 2F
0-2: Strikes out looking
Batting: RHB Lou Hammond 0-0: Foul Ball, location: 2F
0-1: Fly out, F8 (Flyball, 8LS)
Bottom of the 7th over - 0 runs, 1 hit, 0 errors, 1 left on base; Reading 9 - Buffalo 4
TOP OF THE 8TH
Reading Rainbows batting - Pitching for Buffalo LightSabres : RHP Pat Jackson
Batting: RHB Spike Kennedy 0-0: Ball
1-0: Called Strike
1-1: Ground out 4-3 (Groundball, 4)
Batting: LHB Júlio Lorenzo 0-0: Ground out 4-3 (Groundball, 4D)
Batting: RHB José Moreno 0-0: Ball
1-0: Swinging Strike
1-1: Ball
2-1: Foul Ball, location: 2F
2-2: Ball
3-2: Base on Balls
Batting: RHB Germán Romero 0-0: Ball
1-0: Ball
2-0: Ball
3-0: Called Strike
3-1: Fly out, F9 (Flyball, 9D)
Top of the 8th over - 0 runs, 0 hits, 0 errors, 1 left on base; Reading 9 - Buffalo 4
BOTTOM OF THE 8TH
Buffalo LightSabres batting - Pitching for Reading Rainbows : RHP Jason MacKnight
Now at SS: Allen Hobbs
Batting: RHB Sean White 0-0: Ball
1-0: Called Strike
1-1: Ball
2-1: Swinging Strike
2-2: Ball
3-2: Base on Balls
Batting: RHB Augusto Padilla 0-0: Ground out 5-3 (Groundball, 56S)
Sean White to second
Batting: LHB Tim Griffith 0-0: Ground out 1-3 (Groundball, 13)
Sean White to third
Batting: LHB Rob Davidson 0-0: Hit by Pitch
Batting: RHB Mike Wagner 0-0: Swinging Strike
0-1: Ball
Wild Pitch!
Sean White scores
Rob Davidson to second
1-1: Ball
2-1: Ball
3-1: Fly out, F9 (Flyball, 89M)
Bottom of the 8th over - 1 run, 0 hits, 0 errors, 1 left on base; Reading 9 - Buffalo 5
TOP OF THE 9TH
Reading Rainbows batting - Pitching for Buffalo LightSabres : RHP Pat Jackson
Batting: RHB Ethan Moore 0-0: Swinging Strike
0-1: Fly out, F4 (Popup, 4MD)
Batting: LHB Ryan Flynn 0-0: Swinging Strike
0-1: SINGLE (Groundball, 3) (infield hit)
Pitching: RHP Jerry Catron
Batting: RHB Juan Magdayao 0-0: Ball
1-0: SINGLE (Flyball, 89S)
Ryan Flynn to second
Runner from 2nd tries for 3rd, SAFE, no throw
Batting: RHB Richard Case 0-0: Ball
1-0: Ball
2-0: Foul Ball, location: 2F
2-1: Foul Ball, location: 2F
2-2: Ball
Wild Pitch!
Ryan Flynn scores
Juan Magdayao to second
3-2: Foul Ball, location: 2F
3-2: Ground out 6-3 (Groundball, 6)
Batting: SHB Dan Chandler 0-0: Ball
1-0: Ball
2-0: Swinging Strike
2-1: Swinging Strike
2-2: SINGLE (Flyball, 7LM)
Juan Magdayao to third
Runner from 3rd tries for Home, SAFE, no throw
Batting: RHB Spike Kennedy 0-0: Called Strike
Dan Chandler steals 2nd base
0-1: SINGLE (Line Drive, 89S)
Dan Chandler to third
Runner from 3rd tries for Home, SAFE, throw made home
Batting: LHB Júlio Lorenzo 0-0: Ball
1-0: Ground out 3-1 (Groundball, 34S)
Top of the 9th over - 3 runs, 4 hits, 0 errors, 1 left on base; Reading 12 - Buffalo 5
BOTTOM OF THE 9TH
Buffalo LightSabres batting - Pitching for Reading Rainbows : RHP Jason MacKnight
Batting: RHB Alfredo Villegas 0-0: Ball
1-0: Ball
2-0: Ball
3-0: Base on Balls
Batting: RHB Daniel Riddle 0-0: Swinging Strike
0-1: Ball
1-1: Fly out, F9 (Flyball, 9LS)
Pitching: LHP Joe Cates
Batting: RHB Earl Godwin 0-0: Swinging Strike
0-1: Ball
1-1: Ball
2-1: Swinging Strike
2-2: Ball
3-2: TRIPLE (Flyball, 9D)
Alfredo Villegas scores
Batting: RHB Lou Hammond 0-0: Ball
Steal of home, Earl Godwin is safe
1-0: Foul Ball, location: 2F
1-1: Foul Ball, location: 2F
1-2: Strikes out swinging
Batting: RHB Sean White 0-0: Ball
1-0: Called Strike
1-1: SINGLE (Groundball, 6S) (infield hit)
Batting: RHB Augusto Padilla 0-0: Called Strike
0-1: Ball
1-1: Ball
2-1: Ball
Wild Pitch!
Sean White to second
3-1: SINGLE (Line Drive, 56D)
Sean White to third
Batting: LHB Tim Griffith 0-0: Called Strike
0-1: Ball
1-1: Reached on error, E1 (Groundball, 13)
Sean White scores
Augusto Padilla to second
Batting: LHB Rob Davidson 0-0: Called Strike
0-1: Foul Ball, location: 2F
0-2: Foul Ball, location: 2F
0-2: Foul Ball, location: 2F
0-2: Strikes out swinging
Bottom of the 9th over - 3 runs, 3 hits, 1 error, 2 left on base; Reading 12 - Buffalo 8
Saturday, December 16th, 2017 - OOTP Baseball 18.8 Build 76